[ AOE2 MATCH · #477618490 ]
UnrankedHindustanis vs Mapuche
[ REPLAY ANALYSIS · EXTRACTED FROM THE RECORDED GAME ]
Feudal
12:23
Castle
27:38
Imperial
—
| APM avg | 29.6 |
| APM peak | 65 |
| eAPM avg | 17.8 |
| Villagers / military | 132 / 64 |
Focus
⚔️ 26.5% · 🌾 73.5%
Scout Cavalry ×24 · Scorpion ×19 · Camel Scout ×17 · Armored Elephant ×4
Feudal
12:38
Castle
18:16
Imperial
—
| APM avg | 49.3 |
| APM peak | 139 |
| eAPM avg | 13.8 |
| Villagers / military | 105 / 86 |
Focus
⚔️ 34.8% · 🌾 65.2%
Bolas Rider ×83 · Spearman ×2 · Unknown (2550) ×2 · Mangonel ×1
Feudal
16:10
Castle
19:45
Imperial
35:01
| APM avg | 29.1 |
| APM peak | 89 |
| eAPM avg | 11.2 |
| Villagers / military | 120 / 69 |
Focus
⚔️ 24.1% · 🌾 75.9%
Arambai ×67 · Trebuchet (Packed) ×2
Feudal
12:56
Castle
34:09
Imperial
—
| APM avg | 32.1 |
| APM peak | 55 |
| eAPM avg | 20.3 |
| Villagers / military | 77 / 75 |
Focus
⚔️ 25.9% · 🌾 74.1%
Scout Cavalry ×38 · Spearman ×26 · Scorpion ×4 · Battering Ram ×3 · Knight ×2 · Magyar Huszar ×2
Feudal
13:00
Castle
19:01
Imperial
42:15
| APM avg | 28.0 |
| APM peak | 57 |
| eAPM avg | 17.6 |
| Villagers / military | 113 / 39 |
Focus
⚔️ 28.1% · 🌾 71.9%
Conquistador ×18 · Knight ×12 · Militia ×2 · Spearman ×2 · Battering Ram ×2 · Scout Cavalry ×2
Feudal
13:57
Castle
21:10
Imperial
—
| APM avg | 20.7 |
| APM peak | 54 |
| eAPM avg | 12.5 |
| Villagers / military | 102 / 16 |
Focus
⚔️ 19.6% · 🌾 80.4%
Camel Archer ×13 · Mangonel ×3
Feudal
13:35
Castle
16:16
Imperial
36:39
| APM avg | 34.6 |
| APM peak | 67 |
| eAPM avg | 16.0 |
| Villagers / military | 143 / 210 |
Focus
⚔️ 30.3% · 🌾 69.7%
Scout Cavalry ×165 · Scorpion ×38 · Battering Ram ×3 · Trebuchet (Packed) ×3 · Monk ×1
Feudal
12:49
Castle
25:05
Imperial
—
| APM avg | 43.4 |
| APM peak | 89 |
| eAPM avg | 16.6 |
| Villagers / military | 66 / 77 |
Focus
⚔️ 25.7% · 🌾 74.3%
Skirmisher ×67 · Scout Cavalry ×8 · Archer ×2
Match map
Initial resources + every placement click. Lines = walls · curves = elevation contours. ◆ gold · ⬟ stone · ● berries · ✦ relic · ◌ wall gap
Your base· Open — 8t gap
OM | Massiosare's base· Open — 7t gap
_NaK_'s base· Open — unwalled flank
OM | ingjuanpalencia's base· Open — 9t gap
Caronte's base· Open — 6t gap
Papa_konas's base· Open — unwalled flank
Ypsilon's base· Open — unwalled flank
TriTone's base· Open — 15t gap
Smoothed initial terrain · ◌ = detected wall gap · hover for details
Inputs per minute
— darkvandar - - OM | Massiosare
Build order — darkvandar
First 150 of 348 actions detected
| 0:07 | Build | Town Center |
| 1:00 | Build | House |
| 2:41 | Create | Villager (Male) |
| 2:42 | Create | Villager (Male) |
| 2:42 | Create | Villager (Male) |
| 2:49 | Create | Villager (Male) |
| 2:49 | Create | Villager (Male) |
| 3:32 | Research | Loom |
| 3:32 | Create | Villager (Male) |
| 3:33 | Create | Villager (Male) |
| 3:33 | Create | Villager (Male) |
| 4:20 | Create | Villager (Male) |
| 4:20 | Create | Villager (Male) |
| 4:43 | Create | Villager (Male) |
| 4:51 | Build | Lumber Camp |
| 5:30 | Build | House |
| 5:39 | Create | Villager (Male) |
| 5:39 | Create | Villager (Male) |
| 5:39 | Create | Villager (Male) |
| 5:47 | Create | Villager (Male) |
| 5:47 | Create | Villager (Male) |
| 6:09 | Create | Villager (Male) |
| 6:09 | Create | Villager (Male) |
| 6:48 | Build | House |
| 6:49 | Build | House |
| 7:27 | Create | Villager (Male) |
| 7:28 | Create | Villager (Male) |
| 7:28 | Create | Villager (Male) |
| 8:03 | Create | Villager (Male) |
| 8:06 | Build | Mill |
| 8:08 | Create | Villager (Male) |
| 8:08 | Create | Villager (Male) |
| 9:03 | Create | Villager (Male) |
| 9:10 | Create | Villager (Male) |
| 9:38 | Build | Mill |
| 9:41 | Create | Villager (Male) |
| 10:13 | Research | Feudal Age |
| 10:14 | Research | Feudal Age |
| 10:40 | Build | Palisade Wall |
| 10:42 | Build | Palisade Wall |
| 11:15 | Build | Barracks |
| 11:23 | Build | Palisade Wall |
| 11:37 | Build | Barracks |
| 12:02 | Create | Villager (Male) |
| 12:02 | Create | Villager (Male) |
| 12:18 | Build | House |
| 12:20 | Build | Palisade Wall |
| 12:23 | Age | Feudal Age |
| 12:32 | Build | Stable |
| 12:39 | Research | Double-Bit Axe |
| 12:54 | Create | Villager (Male) |
| 13:05 | Build | House |
| 13:15 | Create | Scout Cavalry |
| 13:15 | Create | Scout Cavalry |
| 13:15 | Create | Scout Cavalry |
| 13:27 | Build | Mill |
| 13:36 | Create | Villager (Male) |
| 13:36 | Create | Villager (Male) |
| 13:55 | Build | Outpost |
| 14:02 | Create | Scout Cavalry |
| 14:11 | Create | Villager (Male) |
| 14:15 | Create | Villager (Male) |
| 14:26 | Build | Stable |
| 14:29 | Create | Scout Cavalry |
| 14:36 | Create | Villager (Male) |
| 14:51 | Build | Outpost |
| 14:55 | Create | Scout Cavalry |
| 14:56 | Create | Villager (Male) |
| 15:04 | Create | Villager (Male) |
| 15:14 | Build | Outpost |
| 15:25 | Build | Watch Tower |
| 15:32 | Create | Scout Cavalry |
| 15:32 | Create | Scout Cavalry |
| 15:59 | Create | Scout Cavalry |
| 16:01 | Build | House |
| 16:04 | Build | House |
| 16:15 | Create | Scout Cavalry |
| 16:17 | Create | Villager (Male) |
| 16:38 | Build | Palisade Wall |
| 16:39 | Build | Palisade Wall |
| 16:40 | Build | Palisade Wall |
| 17:00 | Create | Scout Cavalry |
| 17:00 | Create | Scout Cavalry |
| 17:00 | Create | Scout Cavalry |
| 17:07 | Build | House |
| 17:09 | Create | Villager (Male) |
| 17:13 | Build | Farm |
| 17:13 | Build | Farm |
| 17:15 | Research | Horse Collar |
| 17:33 | Create | Scout Cavalry |
| 17:48 | Build | Farm |
| 17:51 | Build | Farm |
| 17:55 | Build | Stone Wall |
| 17:57 | Build | Blacksmith |
| 18:09 | Create | Scout Cavalry |
| 18:09 | Create | Scout Cavalry |
| 18:39 | Build | Farm |
| 18:40 | Build | Farm |
| 18:46 | Build | Farm |
| 18:49 | Build | Farm |
| 18:50 | Build | Farm |
| 18:51 | Build | Farm |
| 18:53 | Create | Villager (Male) |
| 18:53 | Create | Villager (Male) |
| 18:57 | Build | House |
| 19:15 | Build | Farm |
| 19:17 | Build | Farm |
| 19:18 | Build | Farm |
| 19:18 | Build | Farm |
| 19:27 | Create | Scout Cavalry |
| 19:27 | Create | Scout Cavalry |
| 19:41 | Create | Villager (Male) |
| 19:42 | Create | Villager (Male) |
| 19:49 | Create | Scout Cavalry |
| 19:49 | Create | Scout Cavalry |
| 20:18 | Build | Mill |
| 20:21 | Build | Mining Camp |
| 20:35 | Research | Scale Barding Armor |
| 20:47 | Create | Scout Cavalry |
| 20:47 | Create | Scout Cavalry |
| 20:56 | Create | Scout Cavalry |
| 20:56 | Create | Scout Cavalry |
| 21:05 | Create | Villager (Male) |
| 21:05 | Create | Villager (Male) |
| 21:16 | Build | Market |
| 21:29 | Research | Forging |
| 21:29 | Research | Forging |
| 21:31 | Create | Villager (Male) |
| 21:36 | Create | Villager (Male) |
| 21:48 | Build | Palisade Wall |
| 22:07 | Build | Farm |
| 22:09 | Create | Villager (Male) |
| 22:48 | Build | Palisade Wall |
| 22:59 | Create | Villager (Male) |
| 23:01 | Create | Villager (Male) |
| 23:07 | Create | Villager (Male) |
| 23:36 | Build | Mining Camp |
| 24:03 | Build | House |
| 24:06 | Build | House |
| 24:15 | Build | House |
| 24:17 | Build | House |
| 24:20 | Build | House |
| 24:21 | Build | House |
| 24:22 | Build | House |
| 24:58 | Research | Castle Age |
| 25:20 | Build | House |
| 26:39 | Build | Farm |
| 26:43 | Build | Lumber Camp |
| 27:15 | Research | Town Watch |
| 27:21 | Research | Stone Mining |
Build order — OM | Massiosare
First 150 of 288 actions detected
| 1:08 | Build | Town Center |
| 2:23 | Build | House |
| 2:25 | Build | House |
| 3:17 | Create | Villager (Male) |
| 3:17 | Create | Villager (Male) |
| 3:17 | Create | Villager (Male) |
| 3:18 | Create | Villager (Male) |
| 3:18 | Create | Villager (Male) |
| 3:31 | Build | House |
| 4:07 | Create | Villager (Male) |
| 4:07 | Create | Villager (Male) |
| 4:51 | Create | Villager (Male) |
| 4:51 | Create | Villager (Male) |
| 4:52 | Create | Villager (Male) |
| 5:09 | Create | Villager (Male) |
| 5:09 | Create | Villager (Male) |
| 5:13 | Build | Settlement |
| 6:05 | Create | Villager (Male) |
| 6:06 | Create | Villager (Male) |
| 6:06 | Create | Villager (Male) |
| 6:06 | Create | Villager (Male) |
| 6:11 | Create | Villager (Male) |
| 7:29 | Create | Villager (Male) |
| 7:29 | Create | Villager (Male) |
| 7:29 | Create | Villager (Male) |
| 7:30 | Create | Villager (Male) |
| 7:30 | Create | Villager (Male) |
| 7:30 | Create | Villager (Male) |
| 8:01 | Create | Villager (Male) |
| 8:01 | Create | Villager (Male) |
| 8:41 | Create | Villager (Male) |
| 8:41 | Create | Villager (Male) |
| 8:52 | Research | Loom |
| 9:12 | Create | Villager (Male) |
| 9:38 | Build | Settlement |
| 9:40 | Create | Villager (Male) |
| 10:28 | Research | Feudal Age |
| 12:14 | Create | Villager (Male) |
| 12:38 | Age | Feudal Age |
| 12:42 | Build | Market |
| 12:45 | Build | Blacksmith |
| 12:46 | Create | Villager (Male) |
| 13:25 | Create | Villager (Male) |
| 13:42 | Build | House |
| 13:44 | Create | Villager (Male) |
| 14:16 | Build | Palisade Wall |
| 14:17 | Create | Villager (Male) |
| 14:36 | Create | Villager (Male) |
| 14:44 | Build | Barracks |
| 14:54 | Create | Villager (Male) |
| 15:36 | Research | Castle Age |
| 15:40 | Build | Archery Range |
| 16:31 | Build | House |
| 16:34 | Build | House |
| 16:41 | Build | Palisade Wall |
| 16:46 | Create | Villager (Male) |
| 16:50 | Create | Spearman |
| 17:08 | Build | House |
| 17:12 | Build | House |
| 17:46 | Create | Spearman |
| 17:59 | Build | House |
| 18:01 | Build | House |
| 18:14 | Build | Palisade Wall |
| 18:16 | Age | Castle Age |
| 18:19 | Build | Palisade Wall |
| 18:23 | Build | Palisade Gate |
| 18:28 | Build | House |
| 18:39 | Create | Bolas Rider |
| 18:39 | Create | Bolas Rider |
| 18:39 | Create | Bolas Rider |
| 18:40 | Create | Bolas Rider |
| 18:50 | Build | House |
| 18:59 | Build | Farm |
| 19:00 | Build | Farm |
| 19:02 | Build | House |
| 19:23 | Build | Farm |
| 19:49 | Create | Bolas Rider |
| 19:49 | Create | Bolas Rider |
| 19:50 | Create | Bolas Rider |
| 19:50 | Create | Bolas Rider |
| 19:50 | Create | Bolas Rider |
| 19:59 | Create | Bolas Rider |
| 20:00 | Create | Bolas Rider |
| 20:01 | Create | Villager (Male) |
| 20:02 | Create | Villager (Male) |
| 20:02 | Create | Villager (Male) |
| 20:08 | Build | Farm |
| 20:08 | Build | Farm |
| 20:09 | Build | Farm |
| 20:09 | Build | Farm |
| 21:05 | Create | Villager (Male) |
| 21:05 | Create | Villager (Male) |
| 21:06 | Create | Villager (Male) |
| 21:08 | Build | Farm |
| 21:09 | Build | Farm |
| 21:10 | Build | Farm |
| 21:29 | Create | Bolas Rider |
| 21:30 | Create | Bolas Rider |
| 21:30 | Create | Bolas Rider |
| 21:49 | Create | Villager (Male) |
| 21:49 | Create | Villager (Male) |
| 22:07 | Build | Farm |
| 22:08 | Build | Farm |
| 22:08 | Build | Farm |
| 22:08 | Build | Farm |
| 22:08 | Build | Farm |
| 22:16 | Create | Bolas Rider |
| 22:16 | Create | Bolas Rider |
| 22:17 | Create | Bolas Rider |
| 22:44 | Research | Padded Archer Armor |
| 23:02 | Create | Villager (Male) |
| 23:02 | Create | Villager (Male) |
| 23:40 | Create | Villager (Male) |
| 23:40 | Create | Villager (Male) |
| 23:41 | Create | Villager (Male) |
| 23:43 | Build | Farm |
| 24:15 | Create | Villager (Male) |
| 24:15 | Create | Villager (Male) |
| 24:15 | Create | Villager (Male) |
| 24:51 | Create | Villager (Male) |
| 24:51 | Create | Villager (Male) |
| 24:52 | Create | Villager (Male) |
| 24:58 | Build | Settlement |
| 25:17 | Create | Villager (Male) |
| 25:17 | Create | Villager (Male) |
| 25:17 | Create | Villager (Male) |
| 25:19 | Create | Bolas Rider |
| 25:19 | Create | Bolas Rider |
| 25:19 | Create | Bolas Rider |
| 25:19 | Create | Bolas Rider |
| 25:20 | Create | Bolas Rider |
| 25:35 | Build | Archery Range |
| 25:48 | Create | Villager (Male) |
| 25:48 | Create | Villager (Male) |
| 25:49 | Create | Villager (Male) |
| 26:29 | Create | Bolas Rider |
| 26:30 | Create | Bolas Rider |
| 26:30 | Create | Bolas Rider |
| 26:30 | Create | Bolas Rider |
| 27:07 | Create | Villager (Male) |
| 27:08 | Create | Villager (Male) |
| 27:08 | Create | Villager (Male) |
| 27:09 | Build | Farm |
| 27:10 | Build | Farm |
| 27:54 | Create | Bolas Rider |
| 27:55 | Create | Bolas Rider |
| 27:55 | Create | Bolas Rider |
| 27:55 | Create | Bolas Rider |
| 28:48 | Build | Town Center |
| 28:58 | Build | Town Center |
Build order — _NaK_
First 150 of 292 actions detected
| 0:12 | Build | Town Center |
| 2:00 | Build | House |
| 2:44 | Create | Villager (Male) |
| 2:44 | Create | Villager (Male) |
| 2:45 | Create | Villager (Male) |
| 2:45 | Create | Villager (Male) |
| 2:45 | Create | Villager (Male) |
| 2:53 | Build | Mill |
| 4:22 | Research | Loom |
| 4:40 | Create | Villager (Male) |
| 5:07 | Create | Villager (Male) |
| 5:07 | Create | Villager (Male) |
| 5:19 | Build | House |
| 5:30 | Create | Villager (Male) |
| 5:30 | Create | Villager (Male) |
| 5:59 | Build | House |
| 6:00 | Create | Villager (Male) |
| 6:01 | Create | Villager (Male) |
| 6:16 | Create | Villager (Male) |
| 6:35 | Create | Villager (Male) |
| 6:35 | Create | Villager (Male) |
| 7:14 | Create | Villager (Male) |
| 7:41 | Create | Villager (Male) |
| 8:06 | Create | Villager (Male) |
| 8:06 | Create | Villager (Male) |
| 8:13 | Create | Villager (Male) |
| 8:19 | Create | Villager (Male) |
| 8:19 | Create | Villager (Male) |
| 8:38 | Create | Villager (Male) |
| 8:55 | Create | Villager (Male) |
| 8:55 | Create | Villager (Male) |
| 9:22 | Build | House |
| 9:47 | Create | Villager (Male) |
| 9:47 | Create | Villager (Male) |
| 9:55 | Build | Palisade Wall |
| 9:56 | Build | House |
| 10:26 | Create | Villager (Male) |
| 10:35 | Build | Palisade Wall |
| 10:38 | Build | Palisade Wall |
| 10:41 | Create | Villager (Male) |
| 11:22 | Build | Mining Camp |
| 11:42 | Build | Mill |
| 11:46 | Create | Villager (Male) |
| 12:00 | Create | Villager (Male) |
| 12:22 | Create | Villager (Male) |
| 12:32 | Build | Palisade Gate |
| 12:48 | Build | Palisade Wall |
| 12:50 | Build | Palisade Wall |
| 12:53 | Build | Palisade Wall |
| 13:03 | Create | Villager (Male) |
| 13:06 | Build | Mining Camp |
| 13:56 | Research | Feudal Age |
| 15:00 | Build | House |
| 15:17 | Create | Villager (Male) |
| 15:17 | Create | Villager (Male) |
| 16:10 | Age | Feudal Age |
| 16:13 | Build | Market |
| 16:17 | Build | Blacksmith |
| 16:29 | Build | Lumber Camp |
| 17:05 | Research | Castle Age |
| 17:33 | Build | Farm |
| 17:35 | Build | Farm |
| 17:37 | Build | Farm |
| 17:39 | Build | Farm |
| 17:42 | Build | Farm |
| 18:41 | Research | Horse Collar |
| 19:15 | Create | Villager (Male) |
| 19:15 | Create | Villager (Male) |
| 19:31 | Build | House |
| 19:34 | Build | House |
| 19:39 | Create | Villager (Male) |
| 19:45 | Age | Castle Age |
| 19:54 | Build | Castle |
| 19:57 | Create | Villager (Male) |
| 20:01 | Build | Town Center |
| 20:08 | Create | Villager (Male) |
| 20:28 | Build | Farm |
| 20:31 | Build | Farm |
| 20:33 | Build | Farm |
| 20:41 | Build | Farm |
| 20:45 | Create | Villager (Male) |
| 21:23 | Create | Villager (Male) |
| 21:23 | Create | Villager (Male) |
| 21:33 | Build | Mill |
| 21:36 | Create | Arambai |
| 21:36 | Create | Arambai |
| 21:45 | Create | Villager (Male) |
| 22:05 | Create | Arambai |
| 22:05 | Create | Arambai |
| 22:07 | Create | Villager (Male) |
| 22:08 | Create | Villager (Male) |
| 22:40 | Create | Arambai |
| 22:40 | Create | Arambai |
| 22:42 | Create | Villager (Male) |
| 22:43 | Create | Villager (Male) |
| 22:52 | Build | Town Center |
| 22:54 | Create | Villager (Male) |
| 22:55 | Create | Villager (Male) |
| 22:58 | Create | Arambai |
| 23:23 | Create | Arambai |
| 23:24 | Create | Villager (Male) |
| 23:25 | Create | Villager (Male) |
| 23:29 | Build | Farm |
| 23:33 | Build | Farm |
| 23:35 | Build | Farm |
| 23:36 | Create | Villager (Male) |
| 23:37 | Create | Villager (Male) |
| 24:17 | Create | Arambai |
| 24:18 | Create | Arambai |
| 24:19 | Create | Villager (Male) |
| 24:20 | Create | Villager (Male) |
| 24:27 | Build | Mining Camp |
| 24:31 | Create | Villager (Male) |
| 24:32 | Create | Villager (Male) |
| 24:35 | Build | House |
| 24:37 | Build | House |
| 24:38 | Create | Villager (Male) |
| 24:38 | Create | Villager (Male) |
| 24:50 | Build | Farm |
| 24:52 | Build | Farm |
| 25:02 | Create | Arambai |
| 25:03 | Create | Villager (Male) |
| 25:04 | Create | Villager (Male) |
| 25:05 | Create | Villager (Male) |
| 25:22 | Create | Arambai |
| 25:29 | Create | Villager (Male) |
| 25:30 | Create | Villager (Male) |
| 25:32 | Build | Farm |
| 25:33 | Build | Farm |
| 25:34 | Build | Farm |
| 25:35 | Create | Villager (Male) |
| 25:36 | Create | Villager (Male) |
| 25:40 | Build | House |
| 25:41 | Build | House |
| 26:06 | Create | Arambai |
| 26:06 | Create | Arambai |
| 26:07 | Create | Villager (Male) |
| 26:09 | Create | Villager (Male) |
| 26:11 | Create | Arambai |
| 26:14 | Create | Villager (Male) |
| 26:16 | Create | Villager (Male) |
| 26:18 | Build | Farm |
| 26:20 | Build | Farm |
| 26:22 | Build | Farm |
| 26:23 | Create | Villager (Male) |
| 26:27 | Create | Arambai |
| 26:27 | Create | Arambai |
| 26:29 | Create | Villager (Male) |
| 26:55 | Create | Arambai |
| 26:55 | Create | Arambai |
Build order — OM | ingjuanpalencia
First 150 of 274 actions detected
| 1:27 | Build | Town Center |
| 1:50 | Build | Palisade Wall |
| 2:19 | Build | House |
| 3:24 | Create | Villager (Male) |
| 3:28 | Create | Villager (Male) |
| 3:29 | Create | Villager (Male) |
| 3:29 | Create | Villager (Male) |
| 4:50 | Build | House |
| 4:54 | Create | Villager (Male) |
| 4:54 | Create | Villager (Male) |
| 5:57 | Create | Villager (Male) |
| 5:57 | Create | Villager (Male) |
| 6:47 | Create | Villager (Male) |
| 6:47 | Create | Villager (Male) |
| 7:12 | Create | Villager (Male) |
| 7:43 | Build | House |
| 7:59 | Create | Villager (Male) |
| 8:32 | Create | Villager (Male) |
| 8:35 | Create | Villager (Male) |
| 9:21 | Create | Villager (Male) |
| 9:26 | Build | Lumber Camp |
| 9:41 | Create | Villager (Male) |
| 9:46 | Build | Mill |
| 10:14 | Research | Loom |
| 10:46 | Research | Feudal Age |
| 11:58 | Build | Barracks |
| 12:09 | Build | House |
| 12:56 | Age | Feudal Age |
| 12:59 | Create | Villager (Male) |
| 13:22 | Build | Stable |
| 13:24 | Create | Villager (Male) |
| 13:37 | Build | Palisade Wall |
| 13:44 | Build | Palisade Wall |
| 13:52 | Create | Villager (Male) |
| 14:04 | Create | Scout Cavalry |
| 14:04 | Create | Scout Cavalry |
| 14:11 | Build | House |
| 14:13 | Create | Scout Cavalry |
| 14:16 | Create | Villager (Male) |
| 14:24 | Create | Villager (Male) |
| 14:44 | Build | Stable |
| 14:47 | Build | House |
| 14:50 | Create | Villager (Male) |
| 15:08 | Create | Villager (Male) |
| 15:19 | Create | Scout Cavalry |
| 15:23 | Build | Mining Camp |
| 15:24 | Create | Villager (Male) |
| 15:37 | Build | House |
| 15:38 | Build | Palisade Wall |
| 15:41 | Build | Palisade Wall |
| 15:42 | Build | House |
| 15:43 | Build | Palisade Wall |
| 15:46 | Build | Palisade Wall |
| 15:48 | Create | Scout Cavalry |
| 15:48 | Create | Scout Cavalry |
| 16:13 | Create | Scout Cavalry |
| 16:13 | Create | Scout Cavalry |
| 16:37 | Create | Scout Cavalry |
| 16:37 | Create | Scout Cavalry |
| 16:49 | Create | Scout Cavalry |
| 16:49 | Create | Scout Cavalry |
| 16:59 | Build | Watch Tower |
| 17:04 | Create | Scout Cavalry |
| 17:04 | Create | Scout Cavalry |
| 17:04 | Create | Scout Cavalry |
| 17:05 | Create | Villager (Male) |
| 17:35 | Create | Scout Cavalry |
| 17:35 | Create | Scout Cavalry |
| 17:48 | Create | Villager (Male) |
| 18:04 | Create | Scout Cavalry |
| 18:04 | Create | Scout Cavalry |
| 18:22 | Build | House |
| 18:34 | Create | Scout Cavalry |
| 18:34 | Create | Scout Cavalry |
| 18:51 | Create | Villager (Male) |
| 18:51 | Create | Villager (Male) |
| 19:10 | Create | Villager (Male) |
| 19:35 | Create | Scout Cavalry |
| 20:06 | Create | Villager (Male) |
| 20:45 | Create | Scout Cavalry |
| 20:45 | Create | Scout Cavalry |
| 20:45 | Create | Scout Cavalry |
| 21:34 | Create | Villager (Male) |
| 21:40 | Build | Palisade Wall |
| 21:42 | Build | Palisade Wall |
| 21:44 | Build | Palisade Wall |
| 21:45 | Build | Palisade Wall |
| 21:47 | Build | Palisade Wall |
| 21:54 | Build | Farm |
| 21:56 | Build | Farm |
| 21:57 | Build | Farm |
| 21:59 | Build | Farm |
| 22:28 | Build | Farm |
| 22:31 | Build | Farm |
| 22:31 | Create | Villager (Male) |
| 22:31 | Create | Villager (Male) |
| 22:45 | Create | Scout Cavalry |
| 23:18 | Build | Farm |
| 23:23 | Build | Farm |
| 23:24 | Build | Farm |
| 23:33 | Create | Scout Cavalry |
| 23:33 | Create | Scout Cavalry |
| 23:42 | Build | Farm |
| 23:47 | Build | Farm |
| 24:03 | Build | Mill |
| 24:11 | Create | Villager (Male) |
| 24:11 | Create | Villager (Male) |
| 24:18 | Build | Farm |
| 24:43 | Research | Double-Bit Axe |
| 24:48 | Research | Horse Collar |
| 24:48 | Research | Horse Collar |
| 25:03 | Create | Villager (Male) |
| 25:03 | Create | Villager (Male) |
| 25:11 | Build | Farm |
| 25:19 | Create | Scout Cavalry |
| 25:19 | Create | Scout Cavalry |
| 25:49 | Create | Scout Cavalry |
| 25:49 | Create | Scout Cavalry |
| 25:50 | Create | Villager (Male) |
| 26:04 | Build | House |
| 26:10 | Create | Scout Cavalry |
| 26:10 | Create | Scout Cavalry |
| 26:11 | Create | Villager (Male) |
| 26:15 | Build | Farm |
| 26:34 | Create | Scout Cavalry |
| 26:34 | Create | Scout Cavalry |
| 27:05 | Build | House |
| 27:05 | Create | Villager (Male) |
| 27:09 | Create | Scout Cavalry |
| 27:09 | Create | Scout Cavalry |
| 27:30 | Build | Watch Tower |
| 27:34 | Build | Watch Tower |
| 27:40 | Create | Villager (Male) |
| 27:45 | Build | House |
| 27:59 | Build | Mining Camp |
| 28:00 | Create | Villager (Male) |
| 28:28 | Build | Farm |
| 28:29 | Build | Mill |
| 28:30 | Build | Farm |
| 28:33 | Build | House |
| 28:35 | Create | Villager (Male) |
| 28:42 | Build | Market |
| 28:59 | Build | Watch Tower |
| 29:05 | Create | Villager (Male) |
| 29:11 | Build | Farm |
| 29:15 | Build | Farm |
| 29:34 | Create | Villager (Male) |
| 29:52 | Build | Watch Tower |
| 30:10 | Build | Palisade Wall |
| 30:14 | Build | Farm |
Build order — Caronte
First 150 of 271 actions detected
| 0:05 | Build | Town Center |
| 1:46 | Build | House |
| 2:16 | Create | Villager (Male) |
| 2:16 | Create | Villager (Male) |
| 2:17 | Create | Villager (Male) |
| 2:46 | Create | Villager (Male) |
| 3:30 | Create | Villager (Male) |
| 3:30 | Create | Villager (Male) |
| 3:57 | Create | Villager (Male) |
| 3:57 | Create | Villager (Male) |
| 4:03 | Build | House |
| 4:16 | Create | Villager (Male) |
| 4:17 | Create | Villager (Male) |
| 4:31 | Create | Villager (Male) |
| 4:49 | Build | Lumber Camp |
| 4:56 | Create | Villager (Male) |
| 4:56 | Create | Villager (Male) |
| 5:16 | Create | Villager (Male) |
| 5:17 | Create | Villager (Male) |
| 5:43 | Create | Villager (Male) |
| 5:44 | Create | Villager (Male) |
| 6:48 | Build | Mill |
| 6:50 | Create | Villager (Male) |
| 6:50 | Create | Villager (Male) |
| 6:50 | Create | Villager (Male) |
| 7:03 | Build | House |
| 7:55 | Research | Loom |
| 7:59 | Create | Villager (Male) |
| 7:59 | Create | Villager (Male) |
| 8:06 | Build | House |
| 8:16 | Create | Villager (Male) |
| 8:30 | Create | Villager (Male) |
| 8:43 | Build | Mill |
| 8:49 | Create | Villager (Male) |
| 9:41 | Create | Villager (Male) |
| 9:57 | Build | House |
| 10:15 | Create | Villager (Male) |
| 10:42 | Research | Feudal Age |
| 10:42 | Research | Feudal Age |
| 10:56 | Build | Outpost |
| 11:25 | Build | Outpost |
| 11:43 | Build | Outpost |
| 12:05 | Build | Outpost |
| 13:00 | Build | Outpost |
| 13:00 | Age | Feudal Age |
| 13:07 | Create | Villager (Male) |
| 13:07 | Create | Villager (Male) |
| 13:33 | Build | Barracks |
| 13:36 | Create | Villager (Male) |
| 14:03 | Build | Outpost |
| 14:12 | Build | House |
| 14:24 | Create | Militia |
| 14:24 | Create | Militia |
| 14:46 | Build | Stable |
| 15:13 | Build | Outpost |
| 15:37 | Build | Blacksmith |
| 16:21 | Research | Castle Age |
| 16:25 | Build | Mining Camp |
| 16:33 | Create | Scout Cavalry |
| 16:37 | Create | Scout Cavalry |
| 17:07 | Create | Spearman |
| 17:10 | Create | Spearman |
| 17:40 | Build | House |
| 18:11 | Build | Mill |
| 19:01 | Age | Castle Age |
| 19:40 | Build | Castle |
| 19:49 | Build | Castle |
| 19:57 | Create | Knight |
| 19:57 | Create | Knight |
| 19:57 | Create | Knight |
| 20:05 | Create | Villager (Male) |
| 20:12 | Build | House |
| 20:22 | Build | Castle |
| 20:29 | Build | Mining Camp |
| 21:02 | Build | Mill |
| 21:39 | Research | Town Watch |
| 21:53 | Build | Mining Camp |
| 21:57 | Build | Siege Workshop |
| 22:28 | Create | Conquistador |
| 22:28 | Create | Conquistador |
| 22:28 | Create | Conquistador |
| 22:46 | Research | Fletching |
| 22:47 | Create | Conquistador |
| 22:47 | Create | Conquistador |
| 23:10 | Create | Mangonel |
| 23:16 | Create | Villager (Male) |
| 23:21 | Build | House |
| 23:51 | Build | Town Center |
| 23:55 | Create | Villager (Male) |
| 24:49 | Create | Villager (Male) |
| 24:49 | Create | Villager (Male) |
| 25:03 | Create | Battering Ram |
| 26:01 | Create | Villager (Male) |
| 26:01 | Create | Villager (Male) |
| 26:02 | Create | Villager (Male) |
| 26:04 | Create | Villager (Male) |
| 26:16 | Build | Town Center |
| 26:54 | Create | Conquistador |
| 26:54 | Create | Conquistador |
| 26:55 | Create | Conquistador |
| 27:16 | Create | Villager (Male) |
| 27:16 | Create | Villager (Male) |
| 27:31 | Create | Villager (Male) |
| 27:31 | Create | Villager (Male) |
| 28:01 | Build | Town Center |
| 28:18 | Create | Villager (Male) |
| 28:18 | Create | Villager (Male) |
| 28:38 | Create | Villager (Male) |
| 28:38 | Create | Villager (Male) |
| 29:08 | Create | Villager (Male) |
| 29:09 | Create | Villager (Male) |
| 29:24 | Create | Villager (Male) |
| 29:34 | Build | Town Center |
| 30:07 | Create | Knight |
| 30:07 | Create | Knight |
| 30:15 | Build | Farm |
| 30:15 | Build | Farm |
| 30:16 | Build | Farm |
| 30:16 | Build | Farm |
| 30:21 | Create | Villager (Male) |
| 30:25 | Create | Villager (Male) |
| 30:25 | Create | Villager (Male) |
| 30:25 | Create | Villager (Male) |
| 30:25 | Create | Villager (Male) |
| 30:29 | Create | Villager (Male) |
| 30:29 | Create | Villager (Male) |
| 30:46 | Create | Villager (Male) |
| 30:46 | Create | Villager (Male) |
| 30:58 | Create | Villager (Male) |
| 30:58 | Create | Villager (Male) |
| 31:04 | Create | Villager (Male) |
| 31:06 | Create | Villager (Male) |
| 31:22 | Create | Battering Ram |
| 31:31 | Create | Villager (Male) |
| 31:31 | Create | Villager (Male) |
| 31:33 | Create | Villager (Male) |
| 31:33 | Create | Villager (Male) |
| 31:42 | Create | Villager (Male) |
| 31:45 | Create | Villager (Male) |
| 31:45 | Create | Villager (Male) |
| 31:45 | Create | Villager (Male) |
| 32:02 | Build | Outpost |
| 32:04 | Build | Outpost |
| 32:10 | Create | Knight |
| 32:10 | Create | Knight |
| 32:10 | Create | Knight |
| 32:11 | Create | Knight |
| 32:21 | Create | Villager (Male) |
| 32:21 | Create | Villager (Male) |
| 32:37 | Create | Villager (Male) |
Build order — Papa_konas
First 150 of 257 actions detected
| 0:30 | Build | Town Center |
| 2:29 | Build | House |
| 3:02 | Create | Villager (Male) |
| 3:02 | Create | Villager (Male) |
| 3:02 | Create | Villager (Male) |
| 3:03 | Create | Villager (Male) |
| 3:53 | Create | Villager (Male) |
| 4:29 | Create | Villager (Male) |
| 4:38 | Build | House |
| 5:11 | Build | Palisade Wall |
| 5:19 | Create | Villager (Male) |
| 5:20 | Create | Villager (Male) |
| 6:18 | Build | Palisade Wall |
| 6:23 | Build | Palisade Wall |
| 6:35 | Create | Villager (Male) |
| 6:35 | Create | Villager (Male) |
| 6:59 | Create | Villager (Male) |
| 7:08 | Build | Palisade Wall |
| 7:12 | Build | Lumber Camp |
| 7:14 | Create | Villager (Male) |
| 7:36 | Build | Palisade Wall |
| 7:54 | Create | Villager (Male) |
| 7:54 | Create | Villager (Male) |
| 8:13 | Research | Loom |
| 8:13 | Research | Loom |
| 8:25 | Build | Palisade Wall |
| 8:42 | Build | House |
| 8:45 | Create | Villager (Male) |
| 8:45 | Create | Villager (Male) |
| 8:52 | Create | Villager (Male) |
| 9:02 | Build | Palisade Wall |
| 9:16 | Create | Villager (Male) |
| 9:42 | Build | House |
| 9:53 | Build | Palisade Wall |
| 9:56 | Build | Palisade Wall |
| 10:02 | Build | House |
| 10:04 | Create | Villager (Male) |
| 10:39 | Create | Villager (Male) |
| 10:43 | Build | Palisade Wall |
| 10:46 | Build | Palisade Wall |
| 10:47 | Build | Palisade Wall |
| 10:58 | Build | Palisade Wall |
| 11:06 | Create | Villager (Male) |
| 11:21 | Build | Mining Camp |
| 11:44 | Create | Villager (Male) |
| 11:47 | Research | Feudal Age |
| 11:47 | Research | Feudal Age |
| 12:09 | Create | Villager (Male) |
| 12:53 | Build | Mill |
| 13:15 | Create | Villager (Male) |
| 13:57 | Age | Feudal Age |
| 14:04 | Build | Outpost |
| 14:26 | Build | Blacksmith |
| 14:50 | Create | Villager (Male) |
| 14:51 | Create | Villager (Male) |
| 15:24 | Build | Palisade Wall |
| 15:42 | Build | Market |
| 15:44 | Create | Villager (Male) |
| 15:56 | Create | Villager (Male) |
| 16:32 | Build | House |
| 16:36 | Create | Villager (Male) |
| 17:09 | Build | House |
| 17:16 | Create | Villager (Male) |
| 17:21 | Build | Blacksmith |
| 17:23 | Create | Villager (Male) |
| 17:35 | Build | House |
| 17:40 | Build | Palisade Wall |
| 18:12 | Build | House |
| 18:17 | Build | House |
| 18:30 | Research | Castle Age |
| 18:30 | Research | Castle Age |
| 18:31 | Research | Castle Age |
| 18:32 | Research | Double-Bit Axe |
| 18:54 | Build | House |
| 18:55 | Build | House |
| 19:01 | Build | House |
| 19:05 | Build | House |
| 19:15 | Build | Stone Wall |
| 19:34 | Build | House |
| 19:41 | Build | Stone Wall |
| 19:43 | Build | Stone Wall |
| 19:57 | Create | Villager (Male) |
| 20:22 | Build | Stone Wall |
| 20:40 | Build | Stone Wall |
| 21:10 | Age | Castle Age |
| 21:15 | Build | Castle |
| 21:32 | Build | Stone Wall |
| 21:37 | Create | Villager (Male) |
| 22:05 | Build | Siege Workshop |
| 22:13 | Build | Mill |
| 22:40 | Build | Town Center |
| 22:50 | Build | Farm |
| 22:50 | Build | Farm |
| 22:50 | Build | Farm |
| 22:51 | Build | Farm |
| 22:51 | Build | Farm |
| 22:51 | Build | Farm |
| 23:00 | Research | Horse Collar |
| 23:00 | Research | Horse Collar |
| 23:14 | Build | Town Center |
| 23:23 | Create | Villager (Male) |
| 23:23 | Create | Villager (Male) |
| 23:36 | Create | Villager (Male) |
| 23:45 | Build | Gate |
| 24:16 | Create | Villager (Male) |
| 24:18 | Create | Camel Archer |
| 24:30 | Create | Villager (Male) |
| 24:42 | Create | Villager (Male) |
| 24:44 | Create | Camel Archer |
| 25:14 | Build | Farm |
| 25:15 | Build | Farm |
| 25:19 | Create | Villager (Male) |
| 25:20 | Create | Villager (Male) |
| 25:20 | Create | Villager (Male) |
| 25:55 | Build | Farm |
| 26:07 | Create | Mangonel |
| 26:20 | Build | Stone Wall |
| 26:25 | Build | Stone Wall |
| 26:31 | Build | Stone Wall |
| 26:32 | Create | Villager (Male) |
| 26:39 | Create | Villager (Male) |
| 26:40 | Create | Villager (Male) |
| 26:51 | Create | Villager (Male) |
| 27:08 | Build | Stone Wall |
| 27:24 | Create | Mangonel |
| 27:26 | Create | Villager (Male) |
| 27:27 | Create | Villager (Male) |
| 27:35 | Research | Gold Mining |
| 27:35 | Create | Villager (Male) |
| 27:45 | Build | Farm |
| 27:47 | Build | Farm |
| 27:50 | Build | Farm |
| 27:51 | Create | Villager (Male) |
| 27:52 | Create | Villager (Male) |
| 28:00 | Build | Farm |
| 28:14 | Create | Villager (Male) |
| 28:18 | Build | Farm |
| 28:29 | Create | Villager (Male) |
| 28:29 | Create | Villager (Male) |
| 28:33 | Create | Villager (Male) |
| 28:34 | Create | Villager (Male) |
| 28:45 | Create | Mangonel |
| 28:46 | Create | Villager (Male) |
| 29:05 | Create | Villager (Male) |
| 29:05 | Create | Villager (Male) |
| 29:08 | Build | Farm |
| 29:10 | Build | Farm |
| 29:19 | Create | Villager (Male) |
| 29:22 | Build | Farm |
| 29:43 | Build | Market |
Build order — Ypsilon
First 150 of 370 actions detected
| 0:48 | Build | Town Center |
| 2:41 | Create | Villager (Male) |
| 2:42 | Create | Villager (Male) |
| 2:42 | Create | Villager (Male) |
| 2:42 | Create | Villager (Male) |
| 2:42 | Create | Villager (Male) |
| 2:43 | Create | Villager (Male) |
| 2:57 | Build | House |
| 3:02 | Build | House |
| 4:02 | Research | Loom |
| 4:05 | Create | Villager (Male) |
| 4:05 | Create | Villager (Male) |
| 4:31 | Create | Villager (Male) |
| 5:24 | Create | Villager (Male) |
| 5:24 | Create | Villager (Male) |
| 5:26 | Build | Lumber Camp |
| 5:30 | Create | Villager (Male) |
| 6:10 | Build | House |
| 6:11 | Build | House |
| 6:33 | Create | Villager (Male) |
| 7:27 | Create | Villager (Male) |
| 7:27 | Create | Villager (Male) |
| 8:30 | Create | Villager (Male) |
| 8:30 | Create | Villager (Male) |
| 8:31 | Create | Villager (Male) |
| 8:59 | Build | Mining Camp |
| 9:08 | Create | Villager (Male) |
| 9:08 | Create | Villager (Male) |
| 9:49 | Create | Villager (Male) |
| 9:49 | Create | Villager (Male) |
| 11:14 | Research | Feudal Age |
| 13:35 | Age | Feudal Age |
| 13:36 | Research | Castle Age |
| 13:39 | Research | Double-Bit Axe |
| 13:50 | Build | Outpost |
| 14:05 | Build | Outpost |
| 14:11 | Research | Town Watch |
| 15:44 | Build | House |
| 15:46 | Build | House |
| 16:16 | Age | Castle Age |
| 16:22 | Build | Town Center |
| 16:28 | Build | Town Center |
| 16:31 | Research | Bow Saw |
| 16:40 | Build | Mill |
| 16:43 | Build | House |
| 16:47 | Build | House |
| 16:52 | Create | Villager (Male) |
| 16:53 | Create | Villager (Male) |
| 17:12 | Build | Outpost |
| 17:13 | Create | Villager (Male) |
| 17:13 | Create | Villager (Male) |
| 17:16 | Build | Farm |
| 17:16 | Build | Farm |
| 17:16 | Build | Farm |
| 17:17 | Build | Farm |
| 17:17 | Build | Farm |
| 17:53 | Create | Villager (Male) |
| 17:53 | Create | Villager (Male) |
| 17:54 | Build | Farm |
| 17:56 | Research | Horse Collar |
| 18:16 | Create | Villager (Male) |
| 18:16 | Create | Villager (Male) |
| 18:17 | Create | Villager (Male) |
| 18:17 | Create | Villager (Male) |
| 18:30 | Build | Farm |
| 18:36 | Build | House |
| 18:38 | Build | House |
| 18:44 | Research | Heavy Plow |
| 18:51 | Build | Farm |
| 19:07 | Create | Villager (Male) |
| 19:07 | Create | Villager (Male) |
| 19:07 | Create | Villager (Male) |
| 19:11 | Build | Outpost |
| 19:27 | Build | Lumber Camp |
| 19:30 | Create | Villager (Male) |
| 19:30 | Create | Villager (Male) |
| 19:31 | Create | Villager (Male) |
| 19:31 | Create | Villager (Male) |
| 19:31 | Create | Villager (Male) |
| 19:35 | Build | Farm |
| 19:36 | Build | Farm |
| 19:39 | Create | Villager (Male) |
| 19:39 | Create | Villager (Male) |
| 19:42 | Build | House |
| 19:45 | Build | House |
| 19:49 | Build | Palisade Wall |
| 19:55 | Create | Villager (Male) |
| 19:56 | Create | Villager (Male) |
| 20:04 | Build | Farm |
| 20:05 | Build | Farm |
| 20:09 | Create | Villager (Male) |
| 20:09 | Create | Villager (Male) |
| 20:16 | Build | Outpost |
| 20:29 | Build | Stable |
| 20:34 | Create | Villager (Male) |
| 20:34 | Create | Villager (Male) |
| 20:34 | Create | Villager (Male) |
| 20:36 | Build | Farm |
| 20:41 | Create | Villager (Male) |
| 20:41 | Create | Villager (Male) |
| 20:53 | Build | House |
| 20:54 | Build | House |
| 21:03 | Create | Villager (Male) |
| 21:03 | Create | Villager (Male) |
| 21:04 | Create | Villager (Male) |
| 21:04 | Create | Villager (Male) |
| 21:07 | Build | Farm |
| 21:08 | Build | Farm |
| 21:27 | Build | Outpost |
| 21:36 | Build | House |
| 21:38 | Build | House |
| 21:39 | Build | House |
| 21:44 | Build | Palisade Gate |
| 21:45 | Build | House |
| 21:48 | Create | Villager (Male) |
| 21:48 | Create | Villager (Male) |
| 21:48 | Create | Villager (Male) |
| 21:48 | Create | Villager (Male) |
| 21:51 | Build | Farm |
| 21:52 | Build | Farm |
| 21:53 | Build | Farm |
| 21:53 | Build | Farm |
| 21:58 | Build | Lumber Camp |
| 22:04 | Build | Farm |
| 22:05 | Build | Farm |
| 22:09 | Research | Wheelbarrow |
| 22:10 | Create | Villager (Male) |
| 22:10 | Create | Villager (Male) |
| 22:14 | Build | Farm |
| 22:17 | Build | Farm |
| 22:38 | Research | Husbandry |
| 22:44 | Build | Siege Workshop |
| 22:47 | Create | Villager (Male) |
| 22:52 | Build | Farm |
| 22:53 | Build | Farm |
| 22:58 | Build | House |
| 22:59 | Build | House |
| 22:59 | Build | House |
| 22:59 | Build | House |
| 23:00 | Build | House |
| 23:02 | Build | House |
| 23:03 | Build | House |
| 23:17 | Build | House |
| 23:19 | Build | House |
| 23:21 | Create | Villager (Male) |
| 23:21 | Create | Villager (Male) |
| 23:22 | Create | Villager (Male) |
| 23:39 | Build | House |
| 23:44 | Build | Gate |
| 23:49 | Create | Scout Cavalry |
Build order — TriTone
First 150 of 256 actions detected
| 0:35 | Build | Town Center |
| 2:55 | Build | House |
| 3:09 | Create | Villager (Male) |
| 3:09 | Create | Villager (Male) |
| 3:10 | Create | Villager (Male) |
| 3:10 | Create | Villager (Male) |
| 4:36 | Create | Villager (Male) |
| 4:36 | Create | Villager (Male) |
| 4:52 | Build | House |
| 5:07 | Create | Villager (Male) |
| 5:07 | Create | Villager (Male) |
| 5:30 | Build | Lumber Camp |
| 5:32 | Create | Villager (Male) |
| 5:32 | Create | Villager (Male) |
| 5:59 | Create | Villager (Male) |
| 6:23 | Create | Villager (Male) |
| 6:49 | Research | Loom |
| 7:03 | Build | House |
| 7:09 | Build | House |
| 7:17 | Create | Villager (Male) |
| 7:17 | Create | Villager (Male) |
| 7:18 | Create | Villager (Male) |
| 7:55 | Create | Villager (Male) |
| 8:18 | Build | House |
| 8:32 | Create | Villager (Male) |
| 8:46 | Build | Mill |
| 8:50 | Create | Villager (Male) |
| 9:08 | Create | Villager (Male) |
| 9:46 | Create | Villager (Male) |
| 10:13 | Create | Villager (Male) |
| 10:37 | Research | Feudal Age |
| 10:38 | Research | Feudal Age |
| 10:57 | Build | House |
| 11:48 | Build | Barracks |
| 12:45 | Create | Villager (Male) |
| 12:49 | Age | Feudal Age |
| 12:55 | Build | Stable |
| 13:13 | Create | Villager (Male) |
| 13:24 | Build | House |
| 13:31 | Create | Scout Cavalry |
| 13:38 | Build | House |
| 13:45 | Build | Farm |
| 13:50 | Create | Villager (Male) |
| 13:52 | Create | Scout Cavalry |
| 13:59 | Research | Double-Bit Axe |
| 14:00 | Research | Double-Bit Axe |
| 14:09 | Create | Scout Cavalry |
| 14:18 | Build | Palisade Gate |
| 14:19 | Create | Villager (Male) |
| 14:29 | Build | House |
| 14:33 | Create | Villager (Male) |
| 14:35 | Create | Scout Cavalry |
| 14:40 | Build | Palisade Wall |
| 14:50 | Create | Villager (Male) |
| 14:55 | Build | Mill |
| 15:11 | Create | Villager (Male) |
| 15:13 | Create | Scout Cavalry |
| 15:21 | Build | House |
| 15:30 | Build | Farm |
| 15:39 | Build | Farm |
| 15:39 | Create | Villager (Male) |
| 15:55 | Create | Villager (Male) |
| 16:05 | Build | Farm |
| 16:14 | Create | Scout Cavalry |
| 16:38 | Build | House |
| 16:44 | Create | Scout Cavalry |
| 16:48 | Create | Villager (Male) |
| 16:59 | Build | Farm |
| 17:02 | Build | Farm |
| 17:03 | Create | Villager (Male) |
| 17:21 | Build | Blacksmith |
| 17:30 | Create | Scout Cavalry |
| 17:40 | Create | Villager (Male) |
| 17:55 | Build | Farm |
| 18:15 | Build | Farm |
| 18:16 | Create | Villager (Male) |
| 18:38 | Build | House |
| 18:43 | Create | Villager (Male) |
| 18:45 | Build | Mining Camp |
| 18:55 | Build | Farm |
| 19:06 | Create | Villager (Male) |
| 19:27 | Build | Farm |
| 19:30 | Create | Villager (Male) |
| 20:20 | Build | Market |
| 20:29 | Build | Archery Range |
| 20:50 | Research | Fletching |
| 22:07 | Build | House |
| 22:08 | Build | House |
| 22:13 | Build | House |
| 22:25 | Research | Castle Age |
| 22:25 | Research | Castle Age |
| 22:29 | Build | Archery Range |
| 22:37 | Build | House |
| 22:42 | Create | Skirmisher |
| 22:45 | Create | Skirmisher |
| 22:46 | Create | Skirmisher |
| 22:48 | Create | Villager (Male) |
| 22:52 | Build | House |
| 22:58 | Build | House |
| 23:01 | Create | Skirmisher |
| 23:02 | Create | Skirmisher |
| 23:02 | Create | Skirmisher |
| 23:08 | Create | Skirmisher |
| 23:08 | Create | Skirmisher |
| 23:21 | Build | Watch Tower |
| 23:26 | Create | Villager (Male) |
| 23:29 | Create | Skirmisher |
| 23:29 | Create | Skirmisher |
| 23:49 | Create | Skirmisher |
| 23:58 | Build | Lumber Camp |
| 24:00 | Create | Skirmisher |
| 24:05 | Create | Skirmisher |
| 24:08 | Create | Skirmisher |
| 24:08 | Create | Skirmisher |
| 24:34 | Create | Skirmisher |
| 24:37 | Research | Padded Archer Armor |
| 24:44 | Build | Farm |
| 24:46 | Build | Farm |
| 25:05 | Age | Castle Age |
| 25:43 | Research | Elite Skirmisher (upgrade) |
| 26:04 | Research | Bodkin Arrow |
| 26:04 | Research | Bodkin Arrow |
| 26:12 | Build | House |
| 26:28 | Create | Skirmisher |
| 26:30 | Create | Villager (Male) |
| 26:54 | Build | University |
| 27:04 | Research | Bow Saw |
| 27:04 | Research | Bow Saw |
| 27:34 | Create | Villager (Male) |
| 27:37 | Research | Town Watch |
| 27:57 | Research | Ballistics |
| 28:20 | Create | Villager (Male) |
| 28:38 | Build | Town Center |
| 28:51 | Build | Farm |
| 28:56 | Create | Skirmisher |
| 29:00 | Build | Farm |
| 29:02 | Create | Villager (Male) |
| 29:05 | Create | Villager (Male) |
| 29:14 | Create | Villager (Male) |
| 29:23 | Build | Mining Camp |
| 29:29 | Create | Skirmisher |
| 29:29 | Create | Skirmisher |
| 29:57 | Create | Skirmisher |
| 29:57 | Create | Skirmisher |
| 29:57 | Create | Skirmisher |
| 30:01 | Create | Villager (Male) |
| 30:05 | Create | Skirmisher |
| 30:11 | Create | Skirmisher |
| 30:12 | Create | Skirmisher |
| 30:22 | Create | Villager (Male) |
Match timeline
| 1:50 | OM | ingjuanpalencia · wall_segment Palisade Wall x1 |
| 5:11 | Papa_konas · wall_segment Palisade Wall x6 |
| 6:18 | Papa_konas · wall_segment Palisade Wall x1 |
| 6:23 | Papa_konas · wall_segment Palisade Wall x1 |
| 7:08 | Papa_konas · wall_segment Palisade Wall x8 |
| 7:36 | Papa_konas · wall_segment Palisade Wall x1 |
| 8:25 | Papa_konas · wall_segment Palisade Wall x3 |
| 9:02 | Papa_konas · wall_segment Palisade Wall x7 |
| 9:53 | Papa_konas · wall_segment Palisade Wall x1 |
| 9:55 | _NaK_ · wall_segment Palisade Wall x1 |
| 9:56 | Papa_konas · wall_segment Palisade Wall x1 |
| 10:35 | _NaK_ · wall_segment Palisade Wall x12 |
| 10:38 | _NaK_ · wall_segment Palisade Wall x6 |
| 10:40 | darkvandar · wall_segment Palisade Wall x1 |
| 10:42 | darkvandar · wall_segment Palisade Wall x1 |
| 10:43 | Papa_konas · wall_segment Palisade Wall x1 |
| 10:46 | Papa_konas · wall_segment Palisade Wall x1 |
| 10:47 | Papa_konas · wall_segment Palisade Wall x1 |
| 10:58 | Papa_konas · wall_segment Palisade Wall x8 |
| 11:15 | darkvandar · first_building Barracks |
| 11:23 | darkvandar · wall_segment Palisade Wall x1 |
| 11:48 | TriTone · first_building Barracks |
| 11:58 | OM | ingjuanpalencia · first_building Barracks |
| 12:20 | darkvandar · wall_segment Palisade Wall x3 |
| 12:23 | darkvandar · age_up feudal |
| 12:32 | darkvandar · first_building Stable |
| 12:38 | OM | Massiosare · age_up feudal |
| 12:48 | _NaK_ · wall_segment Palisade Wall x8 |
| 12:49 | TriTone · age_up feudal |
| 12:50 | _NaK_ · wall_segment Palisade Wall x2 |
| 12:53 | _NaK_ · wall_segment Palisade Wall x10 |
| 12:55 | TriTone · first_building Stable |
| 12:56 | OM | ingjuanpalencia · age_up feudal |
| 13:00 | Caronte · age_up feudal |
| 13:22 | OM | ingjuanpalencia · first_building Stable |
| 13:33 | Caronte · first_building Barracks |
| 13:35 | Ypsilon · age_up feudal |
| 13:37 | OM | ingjuanpalencia · wall_segment Palisade Wall x11 |
| 13:44 | OM | ingjuanpalencia · wall_segment Palisade Wall x6 |
| 13:57 | Papa_konas · age_up feudal |
| 14:16 | OM | Massiosare · wall_segment Palisade Wall x1 |
| 14:25 | OM | Massiosare · first_market_sell 100 stone |
| 14:29 | OM | Massiosare · first_market_buy 100 food |
| 14:40 | TriTone · wall_segment Palisade Wall x2 |
| 14:44 | OM | Massiosare · first_building Barracks |
| 14:46 | Caronte · first_building Stable |
| 15:24 | Papa_konas · wall_segment Palisade Wall x7 |
| 15:38 | OM | ingjuanpalencia · wall_segment Palisade Wall x1 |
| 15:40 | OM | Massiosare · first_building Archery Range |
| 15:41 | OM | ingjuanpalencia · wall_segment Palisade Wall x1 |
| 15:43 | OM | ingjuanpalencia · wall_segment Palisade Wall x1 |
| 15:46 | OM | ingjuanpalencia · wall_segment Palisade Wall x1 |
| 16:10 | _NaK_ · age_up feudal |
| 16:16 | Ypsilon · age_up castle |
| 16:38 | darkvandar · wall_segment Palisade Wall x1 |
| 16:39 | darkvandar · wall_segment Palisade Wall x1 |
| 16:40 | darkvandar · wall_segment Palisade Wall x1 |
| 16:41 | OM | Massiosare · wall_segment Palisade Wall x1 |
| 17:40 | Papa_konas · wall_segment Palisade Wall x4 |
| 17:55 | darkvandar · wall_segment Stone Wall x3 |
| 18:14 | OM | Massiosare · wall_segment Palisade Wall x1 |
| 18:16 | OM | Massiosare · age_up castle |
| 18:19 | OM | Massiosare · wall_segment Palisade Wall x1 |
| 19:01 | Caronte · age_up castle |
| 19:15 | Papa_konas · wall_segment Stone Wall x3 |
| 19:40 | Caronte · first_building Castle |
| 19:41 | Papa_konas · wall_segment Stone Wall x1 |
| 19:43 | Papa_konas · wall_segment Stone Wall x1 |
| 19:45 | _NaK_ · age_up castle |
| 19:49 | Ypsilon · wall_segment Palisade Wall x1 |
| 19:54 | _NaK_ · first_building Castle |
| 20:22 | Papa_konas · wall_segment Stone Wall x8 |
| 20:29 | Ypsilon · first_building Stable |
| 20:29 | TriTone · first_building Archery Range |
| 20:40 | Papa_konas · wall_segment Stone Wall x4 |
| 21:10 | Papa_konas · age_up castle |
| 21:15 | Papa_konas · first_building Castle |
| 21:32 | Papa_konas · wall_segment Stone Wall x2 |
| 21:40 | OM | ingjuanpalencia · wall_segment Palisade Wall x1 |
| 21:42 | OM | ingjuanpalencia · wall_segment Palisade Wall x1 |
| 21:44 | OM | ingjuanpalencia · wall_segment Palisade Wall x1 |
| 21:45 | OM | ingjuanpalencia · wall_segment Palisade Wall x1 |
| 21:47 | OM | ingjuanpalencia · wall_segment Palisade Wall x1 |
| 21:48 | darkvandar · wall_segment Palisade Wall x10 |
| 21:57 | Caronte · first_building Siege Workshop |
| 22:05 | Papa_konas · first_building Siege Workshop |
| 22:44 | Ypsilon · first_building Siege Workshop |
| 22:44 | TriTone · first_market_buy 100 food |
| 22:48 | darkvandar · wall_segment Palisade Wall x16 |
| 22:56 | Papa_konas · first_market_buy 100 food |
| 23:56 | Ypsilon · first_building Monastery |
| 24:20 | Ypsilon · wall_segment Stone Wall x1 |
| 25:05 | TriTone · age_up castle |
| 26:20 | Papa_konas · wall_segment Stone Wall x8 |
| 26:25 | Papa_konas · wall_segment Stone Wall x7 |
| 26:31 | Papa_konas · wall_segment Stone Wall x10 |
| 27:08 | Papa_konas · wall_segment Stone Wall x5 |
| 27:38 | darkvandar · age_up castle |
| 28:22 | darkvandar · first_market_sell 100 wood |
| 28:25 | darkvandar · first_market_buy 100 stone |
| 29:02 | darkvandar · first_building Castle |
| 29:43 | OM | ingjuanpalencia · first_market_buy 100 food |
| 30:10 | OM | ingjuanpalencia · wall_segment Palisade Wall x18 |
| 30:44 | _NaK_ · first_market_buy 100 stone |
| 31:48 | _NaK_ · first_market_sell 100 wood |
| 33:01 | TriTone · wall_segment Palisade Wall x1 |
| 33:07 | OM | ingjuanpalencia · wall_segment Palisade Wall x1 |
| 34:09 | OM | ingjuanpalencia · age_up castle |
| 34:24 | OM | ingjuanpalencia · first_building Siege Workshop |
| 34:44 | _NaK_ · first_building Barracks |
| 35:01 | _NaK_ · age_up imperial |
| 35:25 | Papa_konas · first_market_sell 100 wood |
| 36:06 | OM | Massiosare · first_building Castle |
| 36:07 | Ypsilon · first_building Castle |
| 36:16 | darkvandar · first_building Monastery |
| 36:39 | Ypsilon · age_up imperial |
| 36:48 | OM | Massiosare · first_building Siege Workshop |
| 36:59 | darkvandar · first_building Siege Workshop |
| 38:02 | _NaK_ · first_building Stable |
| 39:00 | Caronte · first_building Monastery |
| 39:45 | Papa_konas · resign |
| 41:10 | Ypsilon · first_market_buy 100 stone |
| 41:36 | OM | ingjuanpalencia · first_building Castle |
| 42:15 | Caronte · age_up imperial |
[ AI ANALYSIS · 1 CREDIT ]
What really happened in this match?
Wolo.gg analyzes every decision: build order, eco, micro, common mistakes by bracket. Personalized analysis on WhatsApp or Discord in 30 seconds.
Civ guide
Hindustanis
Perfil
Jugador #1943307